 Dungeon Crawl Stone Soup version 0.29-a0-322-g68df515428 (webtiles) character file.

Game seed: 10442430776530335935

201 Shard1697 the Magician (level 6, -8/36 HPs)
             Began as a Djinni Fire Elementalist on Apr 8, 2022.
             Mangled by Ichabod's ghost (10 damage)
             ... on level 3 of the Dungeon.
             The game lasted 00:07:51 (3222 turns).

Shard1697 the Magician (Djinni Fire Elementalist)   Turns: 3222, Time: 00:07:52

Health: -8/36      AC:  4    Str:  4 (7)  XL:     6   Next: 7%
Gold:   156        EV: 11    Int: 16 (18) God:
                   SH:  0    Dex: 12 (14)

rFire   + + .      SeeInvis .   a - +0 short sword
rCold   x . .      Faith    .   (no shield)
rNeg    . . .      Spirit   .   i - +0 leather armour
rPois   ∞          Reflect  .   (helmet restricted)
rElec   .          Harm     .   q - +0 cloak
rCorr   +          Rampage  .   (no gloves)
Will    .....                   (boots unavailable)
Stlth   +.........              (no amulet)
HPRegen 0.12/turn               m - ring of resist corrosion
MPRegen 0.00/turn               (no ring)

@: mighty, flying, unable to read
A: sickness immunity, fire resistance 2, cold vulnerability 1, float, innate
caster, HP casting, extra vitality 1, horns 1, frail 1, inability to read while
threatened
a: no special abilities


You were on level 3 of the Dungeon.
You visited 1 branch of the dungeon, and saw 3 of its levels.

You collected 156 gold pieces.

Inventory:

Hand Weapons
 a - a +0 short sword (weapon)
 d - a +0 spear
 l - a +0 flail
Missiles
 g - 2 throwing nets
Armour
 e - a +1 helmet
 f - a +0 robe
 i - a +0 leather armour (worn)
 q - a +0 cloak (worn)
Jewellery
 m - a ring of resist corrosion (left hand)
Scrolls
 h - 4 scrolls of identify {unknown}
 j - a scroll of amnesia {unknown}
 n - a scroll of magic mapping {unknown}
 o - a scroll of fear {unknown}
 p - a scroll of holy word {unknown}
Potions
 c - a potion of degeneration


   Skills:
 - Level 2.1 Dodging
 - Level 1.5 Stealth
 + Level 4.9 Spellcasting


You couldn't memorise any spells.
You knew the following spells:

 Your Spells              Type           Power      Damage    Failure   Level
a - Foxfire               Conj/Fire      76%        2x1d7     3%          1
b - Scorch                Fire           38%        2d7       5%          2
c - Conjure Flame         Conj/Fire      19%        6-21      11%         3
d - Inner Flame           Hex/Fire       19%        N/A       11%         3
e - Flame Wave            Conj/Fire      19%        2d6       36%         4
f - Magic Dart            Conj           76%        1d6       3%          1
g - Corpse Rot            Necr/Air       38%        N/A       5%          2
Your spell library was empty.

Dungeon Overview and Level Annotations

Branches:
Dungeon (3/15)

Altars:

Annotations:
D:3 Ichabod's ghost, amateur GnWz


Innate Abilities, Weirdness & Mutations

You are immune to sickness and miasma.
You are immune to poison.
Your flesh is very heat resistant. (rF++)
You are vulnerable to cold. (rC-)
You float through the air rather than walking.
You learn spells naturally, not from books.
Your magical power is your life essence.
You have superior vitality. (+4 MHP)
You have a pair of small horns on your head.
You are frail. (-10% HP)
You sometimes lose the ability to read scrolls when taking damage.


Message History

The magic dart hits you!
Casting: Foxfire (safe; 2% risk of failure)
Confirm with . or Enter, or press ? or * to list all spells.
You conjure some foxfire!
Ichabod's ghost whispers, "There is no future for you."
Ichabod's ghost casts a spell at you. The magic dart hits you.
Casting: Foxfire (safe; 2% risk of failure)
Confirm with . or Enter, or press ? or * to list all spells.
You conjure some foxfire!
The foxfire hits Ichabod's ghost.
Ichabod's ghost is lightly damaged.
Ichabod's ghost gestures at you while chanting.
The magic dart hits you!
* * * LOW HITPOINT WARNING * * *
Your foxfire dissipates!
The foxfire hits Ichabod's ghost.
Ichabod's ghost is moderately damaged.
Ichabod's ghost says, "I am smarter than you!"
The foxfire hits Ichabod's ghost.
Ichabod's ghost is moderately damaged.
It was a potion of degeneration.
There was something very wrong with that liquid.
You feel weakened.
You feel dopey.
You feel clumsy.
It was a potion of mutation.
You feel extremely strange.
You lose the ability to read scrolls when threatened.
You feel frail. A pair of horns grows on your head!
Your +1 helmet falls away!
It was a potion of might.
You feel very mighty all of a sudden.
Ichabod's ghost gestures at you while chanting.
The magic dart hits you.
You feel threatened and lose the ability to read scrolls!
* * * LOW HITPOINT WARNING * * *
Casting: Foxfire (safe; 3% risk of failure)
Confirm with . or Enter, or press ? or * to list all spells.
You conjure some foxfire!
* * * LOW HITPOINT WARNING * * *
Ichabod's ghost attacks as you move away!
Ichabod's ghost hits you!
You die...

...........# #........#####
...........# #........##..<
.).........# #........###..
...........# #........# #..
...........# #........# #..
..########## #........# #..
..# #########........# #..
..# ######...v............#
#.. ..#
#........W@...........# #..
..#
#.####.....v....#########..
..#
#.######...................
..#
#...#.♣########............
### #...'$8# #............
##..#.♣# #....)...(...
###### #....).)....#
#.....).....# #...........#


You could see Ichabod's ghost (ally target).

Vanquished Creatures
  An orc priest (D:3)
  An orc wizard (D:3)
  2 adders
  7 gnolls
  3 worms
  2 dart slugs (D:1)
  3 orcs
  4 endoplasms
  3 giant cockroaches (D:1)
  2 goblins (D:1)
  2 hobgoblins
  4 kobolds
  3 quokkas
  5 ball pythons
  6 bats
  A frilled lizard (D:2)
  5 rats
54 creatures vanquished.

Vanquished Creatures (others)
  143 foxfires
143 creatures vanquished.

Grand Total: 197 creatures vanquished

Notes
Turn   | Place    | Note
-------+----------+-------------------------------------------
     0 | D:1      | Shard1697 the Djinni Fire Elementalist began the quest for
                  | the Orb.
     0 | D:1      | Reached XP level 1. HP: 15/15 MP: 0/0
    95 | D:1      | Reached XP level 2. HP: 15/21 MP: 0/0
   341 | D:1      | Reached skill level 3 in Spellcasting
   530 | D:1      | Reached XP level 3. HP: 14/25 MP: 0/0
   530 | D:1      | Learned a level 1 spell: Magic Dart
  1297 | D:2      | Found a faded altar of an unknown god.
  1551 | D:2      | Reached XP level 4. HP: 26/31 MP: 0/0
  2102 | D:2      | Reached skill level 4 in Spellcasting
  2434 | D:3      | Reached XP level 5. HP: 31/35 MP: 0/0
  2434 | D:3      | Learned a level 2 spell: Corpse Rot
  3089 | D:3      | Reached XP level 6. HP: 29/40 MP: 0/0
  3200 | D:3      | Found a runed translucent door.
  3200 | D:3      | Noticed Ichabod's ghost (amateur GnWz)
  3219 | D:3      | Gained mutation: You sometimes lose the ability to read
                  | scrolls when taking damage. [potion of mutation]
  3219 | D:3      | Gained mutation: You are frail. (-10% HP) [potion of
                  | mutation]
  3219 | D:3      | Gained mutation: You have a pair of small horns on your
                  | head. [potion of mutation]
  3222 | D:3      | Mangled by Ichabod's ghost

Illustrated notes

Levels and vault maps discovered:
D:1:      tarquinn_simple_flora_water_f, layout_basic
D:2:      layout_loops_ring, shapermc_ecumenical_altar_venn, kennysheep_nub
D:3:      layout_basic, gammafunk_ghost_grave

Skill      XL: |  1  2  3  4 |
---------------+-------------+-----
Spellcasting   | 3 4 |  4.9
Dodging        | |  2.1
Stealth        | |  1.5

Action                   |  1- 3 |  4- 6 || total
-------------------------+-------+-------++-------
Melee: Short sword       |     6 |    20 ||    26
 Cast: Foxfire           |    37 |    45 ||    82
       Magic Dart        |    13 |    19 ||    32
  Use: Potion            |       |     3 ||     3
 Stab: Sleeping          |     1 |     1 ||     2
Armor: Robe              |     8 |       ||     8
       Leather armour    |     7 |    17 ||    24
Dodge: Dodged            |    27 |    23 ||    50

Table legend: (Time is in decaauts)
 A = Elapsed time spent in this place.
 B = Non-inter-level travel time spent in this place.
 C = Inter-level travel time spent in this place.
 D = Time resting spent in this place.
 E = Time spent auto-exploring this place.
 F = Levels seen in this place.
 G = Mean time per level.
                   A        B        C        D        E       F      G
               +--------+--------+--------+--------+--------+-----+--------+
         Total |   3226 |   3167 |     59 |    976 |   1565 |   3 | 1075.3 |
       Dungeon |   3226 |   3167 |     59 |    976 |   1565 |   3 | 1075.3 |
               +--------+--------+--------+--------+--------+-----+--------+

Top non-repeatable levels by time:
     D:2: 1280 daAuts
     D:1: 1144 daAuts
     D:3: 801 daAuts
